 Dungeon Crawl Stone Soup version 0.31-a0-1620-gcbf77bbcfc (webtiles) character file.

Game seed: 136741484551424853

12 Iich the Trooper (level 2, -2/24 HPs)
             Began as a Demonspawn Fighter on Jan 11, 2024.
             Incinerated by a bombardier beetle (6 damage)
             ... with a burning spray
             ... on level 4 of the Dungeon.
             The game lasted 00:03:16 (511 turns).

Iich the Trooper (Demonspawn Fighter)                Turns: 511, Time: 00:03:17

Health: -2/24      AC:  8    Str: 16    XL:     2   Next: 20%
Magic:  2/2        EV:  8    Int:  8    God:
Gold:   13         SH:  4    Dex: 12    Spells: 1/1 levels left

rFire   . . .        a - +0 war axe
rCold   . . .        c - +0 buckler
rNeg    . . .        b - +0 scale mail
rPois   .            (no helmet)
rElec   .            (no cloak)
rCorr   .            (no gloves)
SInv    .            (no boots)
Will    .....        (no amulet) Stlth
                     (no ring)
HPRegen 0.24/turn    (no ring)
MPRegen 0.08/turn

%: no passive effects
@: on fire, glowing
A: thin metallic scales 1
a: no special abilities


You were on level 4 of the Dungeon.
You visited 1 branch of the dungeon, and saw 4 of its levels.

You collected 13 gold pieces.

Inventory:

Hand Weapons
 a - a +0 war axe (weapon)
 e - a +0 long sword
 h - a +0 club
 i - a +0 club
 k - a +0 hand axe
 m - a +0 dagger
Armour
 b - a +0 scale mail (worn)
 c - a +0 buckler (worn)
 j - a +0 ring mail
Scrolls
 f - 2 scrolls of teleportation {unknown}
 g - a scroll of identify {unknown}
Potions
 d - 2 potions of might
 l - a potion of haste {unknown}


   Skills:
 + Level 3.1 Fighting
 + Level 2.0 Axes
 + Level 2.9 Armour
 + Level 2.8 Shields


You had one spell level left.
You didn't know any spells.
Your spell library contained the following spells:

 Spells                   Type           Power      Damage    Failure   Level
 Animate Armour           Summ/Erth      0%         N/A       100%        4
 Summon Lightning Spire   Summ/Air       0%         N/A       100%        4
 Lee's Rapid Deconstruct  Erth           0%         3d4*      100%        5


Dungeon Overview and Level Annotations

Branches:
Dungeon (4/15)
 Temple: D:4-7

Altars:


Innate Abilities, Weirdness & Mutations

You are partially covered in thin metallic scales. (AC +2)


Message History

The ball python bites you but does no damage.
The ball python grabs you. The ball python constricts you.
The ball python bites you but does no damage.
The ball python constricts you.
The bombardier beetle sprays incendiary fluid at you.
The burning spray hits you.
You are covered in liquid fire!
You take 1 damage, and have 19/24 hp.
You escape the ball python's grasp.
You shake off some of the fire as you move.
The liquid fire burns you!
* * * LOW HITPOINT WARNING * * *
You take 6 damage, and have 13/24 hp. !!!!--MASSIVE DAMAGE--!!!!
You barely miss the ball python.
The ball python is heavily wounded.
The liquid fire burns you!
* * * LOW HITPOINT WARNING * * *
The ball python barely misses you. The ball python grabs you.
The ball python constricts you.
The ball python bites you but does no damage.
The ball python constricts you.
You take 6 damage, and have 7/24 hp. !!!!--MASSIVE DAMAGE--!!!!
You hit the ball python.
You kill the ball python!
The liquid fire burns you!
* * * LOW HITPOINT WARNING * * *
You take 3 damage, and have 4/24 hp.
You shake off the liquid fire.
A giant cockroach comes into view.
The bombardier beetle waves its antennae.
The bombardier beetle sprays incendiary fluid at you.
The burning spray hits you.
You are covered in liquid fire!
You shake off some of the fire as you move.
The liquid fire burns you!
* * * LOW HITPOINT WARNING * * *
You take 2 damage, and have 4/24 hp.
You shake off some of the fire as you move.
The liquid fire burns you!
You die...

####........###
#.............#
#.##........#.#
#......###
###.B..# #.#.##
#.#.####
#.#..†<#
#..@##.#
####.<##.#.#
#.....B...#
#.##†.##.#.#
##.##..##.##.
#...#.^##.# #.
#...##.#####
#........#
#.#...##.###


You could see a bombardier beetle and a giant cockroach.

Vanquished Creatures
  An endoplasm (D:3)
  A giant cockroach (D:4)
  3 goblins
  A hobgoblin (D:3)
  A quokka (D:1)
  2 ball pythons (D:4)
  A frilled lizard (D:2)
10 creatures vanquished.

Notes
Turn   | Place    | Note
-------+----------+-------------------------------------------
     0 | D:1      | Iich the Demonspawn Fighter began the quest for the Orb.
     0 | D:1      | Reached XP level 1. HP: 18/18 MP: 1/1
   465 | D:4      | Gained mutation: You are partially covered in thin metallic
                  | scales. (AC +2) [demonic ancestry]
   465 | D:4      | Reached XP level 2. HP: 20/24 MP: 2/2
   498 | D:4      | Noticed a bombardier beetle
   511 | D:4      | Incinerated by a bombardier beetle

Illustrated notes

Levels and vault maps discovered:
D:1:      ncdulo_halloftheorcs, layout_loops_ring
D:2:      layout_basic
D:3:      layout_loops_ring, uniq_jessica, uniq_sigmund
D:4:      layout_loops_ring, temple_green, kennysheep_nondescript

Skill      XL: |  1 |
---------------+----+-----
Axes           | 2 |  2.0
Fighting       | |  3.1
Armour         | |  2.9
Shields        | |  2.8

Action                     || total
---------------------------++-------
  Melee: War axe           ||    37
 Armour: Scale mail        ||    39
  Dodge: Dodged            ||    17
  Block: Buckler           ||     4

Table legend: (Time is in decaauts)
 A = Elapsed time spent in this place.
 B = Non-inter-level travel time spent in this place.
 C = Inter-level travel time spent in this place.
 D = Time resting spent in this place.
 E = Time spent auto-exploring this place.
 F = Levels seen in this place.
 G = Mean time per level.
                   A        B        C        D        E       F      G
               +--------+--------+--------+--------+--------+-----+--------+
         Total |    526 |    514 |     12 |      0 |     76 |   4 |  131.5 |
       Dungeon |    526 |    514 |     12 |      0 |     76 |   4 |  131.5 |
               +--------+--------+--------+--------+--------+-----+--------+

Top non-repeatable levels by time:
     D:1: 371 daAuts
     D:4: 73 daAuts
     D:2: 46 daAuts
     D:3: 34 daAuts
